AoeStats
← Matx108

Arena

510452332Analyzed
2v2 RM · 15h ago on Oct 1, 2026· 82m 22s· 4 players
Game mode
Random Map
Map size
Medium (4 player)
Population
200
Speed
Normal
Resources
Standard
Victory
Conquest
Starting age
Dark Age
Ending age
Imperial Age
RankedLock teamsTeams togetherTeam positionsShared explorationLock speedFull tech treeHidden civsTurbo modeCheats
Victory
Defeat
🇺🇸 Bohemians · United States
643
+14
🇺🇸 Mongols · United States
642
+14
🇨🇱 Aztecs · Chile
625
-15
🇨🇱 Slavs · Chile
582
-13
Matx108
6:23 Loom
9:57 Feudal Age
11:20 Horse Collar
11:26 Double-Bit Axe
15:21 Stone Mining
17:09 Gold Mining
22:19 Castle Age
23:57 Heavy Plow
24:08 Bow Saw
24:36 Gold Shaft Mining
25:04 Detinets
25:37 Murder Holes
32:12 Imperial Age
30:11 Ballistics
30:24 Scale Barding Armor
30:31 Forging
32:12 Chain Barding Armor
32:43 Husbandry
32:54 Bloodlines
33:31 Iron Casting
35:43 Two-Man Saw
36:01 Blast Furnace
38:20 Crop Rotation
39:50 Plate Barding Armor
39:44 Elite Boyar
41:24 Onager
45:50 Siege Onager
51:37 Chemistry
50:43 Siege Engineers
68:46 Heavy Scorpion
Rigby
10:12 Loom
12:08 Feudal Age
13:47 Wheelbarrow
12:57 Town Watch
14:26 Arson
19:45 Castle Age
18:27 Double-Bit Axe
21:19 Bow Saw
22:19 Stone Mining
25:08 Horse Collar
26:27 Crossbowman
26:35 Eagle Warrior
28:57 Gambesons
29:33 Man-at-Arms
29:35 Pikeman
30:17 Squires
31:56 Hand Cart
32:01 Heavy Plow
35:34 Imperial Age
36:31 Hand Cart
36:41 Hand Cart
36:44 Arbalester
37:51 Gold Mining
39:07 Forging
38:57 Scale Mail Armor
38:58 Padded Archer Armor
38:48 Fletching
40:03 Crop Rotation
42:03 Elite Jaguar Warrior
42:43 Elite Skirmisher
43:06 Elite Eagle Warrior
46:41 Iron Casting
46:22 Chain Mail Armor
46:22 Leather Archer Armor
48:19 Long Swordsman
56:04 Town Patrol
55:46 Two-Handed Swordsman
57:57 Caravan
59:05 Blast Furnace
59:24 Champion
61:33 Gold Shaft Mining
61:34 Stone Shaft Mining
62:49 Garland Wars
68:05 Onager
joshsmithers
6:27 Loom
11:51 Feudal Age
12:47 Horse Collar
17:13 Gold Mining
20:56 Castle Age
21:44 Stone Mining
22:00 Heavy Plow
21:47 Double-Bit Axe
24:03 Pikeman
28:56 Fervor
29:53 Thumb Ring
30:04 Scale Barding Armor
30:06 Padded Archer Armor
30:17 Forging
30:01 Fletching
30:00 Town Watch
30:56 Wheelbarrow
32:48 Bow Saw
33:36 Padded Archer Armor
34:09 Gold Mining
37:02 Imperial Age
37:10 Hand Cart
36:57 Town Patrol
37:10 Squires
37:39 Caravan
38:15 Ballistics
38:13 Leather Archer Armor
37:54 Bodkin Arrow
38:38 Iron Casting
38:59 Nomads
40:18 Masonry
40:05 Murder Holes
40:40 Parthian Tactics
40:47 Conscription
40:57 Drill
40:05 Capped Ram
42:03 Gold Shaft Mining
42:09 Stone Shaft Mining
43:02 Siege Ram
44:23 Heavy Cavalry Archer
45:06 Scale Mail Armor
45:22 Elite Skirmisher
46:37 Elite Mangudai
55:00 Bracer
55:06 Scale Barding Armor
55:20 Chain Mail Armor
56:05 Blast Furnace
58:27 Chemistry
58:05 Plate Mail Armor
Your Mom's New "Friend"
11:58 Feudal Age
16:01 Double-Bit Axe
23:36 Castle Age
21:56 Horse Collar
25:49 Squires
25:09 Pikeman
26:21 Bow Saw
27:09 Fletching
30:49 Wheelbarrow
31:15 Ballistics
31:58 Chemistry
31:12 Heavy Plow
38:20 Imperial Age
37:05 Hand Cart
39:05 Wagenburg Tactics
39:02 Murder Holes
41:30 Town Watch
41:33 Halberdier
48:24 Town Patrol
49:28 Two-Man Saw
51:58 Siege Engineers
51:57 Bodkin Arrow
53:20 Bracer
53:01 Elite Hussite Wagon
54:08 Conscription
77:31 Hussite Reforms
80:43 Loom
Connection lost

Rejoining the realm…

Still unreachable

The connection could not be restored.

Session expired

The server has moved on; the page needs a fresh start.